 Dungeon Crawl Stone Soup version 0.31.0-9-g3a7656b989 (webtiles) character file.

Game seed: 4984215150821821349

25 Destapler the Ruffian (level 2, 21/21 HPs)
             Began as a Demonspawn Shapeshifter on Feb 1, 2024.
             Was a Follower of Jiyva.
             Got out of the dungeon alive.
             The game lasted 00:01:27 (551 turns).

Destapler the Ruffian (Demonspawn Shapeshifter)      Turns: 551, Time: 00:01:28

Health: 21/21      AC:  2    Str: 14    XL:     2   Next: 86%
Magic:  2/2        EV: 12    Int: 10    God:    Jiyva [*.....]
Gold:   11         SH:  0    Dex: 12    Spells: 1/1 levels left

rFire   . .          .
                       - Unarmed
rCold   . . .        (no shield)
rNeg    . . .        a - +0 animal skin
rPois   .            (helmet currently unavailable)
rElec   .            (cloak currently unavailable)
rCorr   .            (gloves currently unavailable)
SInv    .            (boots currently unavailable)
Will    .....        (no amulet)
Stlth   +            (no ring)
HPRegen 1.03/turn    (no ring)
MPRegen 0.48/turn

%: no passive effects
@: beast-form
A: beast (slay +1), spiny 1
a: Begin Untransformation, Renounce Religion


You escaped.
You worshipped Jiyva.
Jiyva was aware of your devotion.
You were a hulking beast.
You visited 1 branch of the dungeon, and saw 1 of its levels.

You collected 11 gold pieces.

Inventory:

Hand Weapons
 f - a +0 whip of distortion
Armour
 a - a +0 animal skin (worn)
Talismans
 c - a beast talisman
 d - a flux talisman
Scrolls
 e - a scroll of identify {unknown}
Potions
 b - a potion of lignification
 g - a potion of heal wounds {unknown}


   Skills:
 + Level 1.5 Fighting
 * Level 2.3 Dodging
 + Level 2.9 Unarmed Combat
 + Level 2.9 Shapeshifting


You had one spell level left.
You didn't know any spells.
Your spell library contained the following spells:

 Spells                   Type           Power      Damage    Failure   Level
 Gell's Gravitas          Tloc           0%         N/A       75%         3
 Teleport Other           Tloc           0%         N/A       75%         3
 Dispersal                Tloc           0%         N/A       100%        6


Dungeon Overview and Level Annotations

Branches:
Dungeon (1/15)

Altars:
Jiyva


Innate Abilities, Weirdness & Mutations

You are a hulking beast.
Your limbs bulge with bestial killing power. (Slay +1)
You are partially covered in sharp spines.


Message History

The giant cockroach bites you.
A giant cockroach is nearby!
You hit the giant cockroach.
You kill the giant cockroach!
You hear a distant slurping noise.
Found 6 stones.
No target in view!
You see here 6 stones. 2 jackals come into view.
The jackal moves out of view.
The jackal barks!
The jackal bites you.
A goblin comes into view. It is wielding a +0 club.
There are monsters nearby!
You closely miss the jackal.
The goblin shouts!
The jackal misses you.
There are monsters nearby!
You hit the jackal.
The jackal is severely wounded.
The jackal is struck by your spines.
You kill the jackal!
There are monsters nearby!
You completely miss the jackal. The jackal closely misses you.
You hit the jackal.
The jackal is moderately wounded.
The jackal is struck by your spines. The jackal barely misses you.
The rat falls through a shaft!
The shaft crumbles and collapses.
You hit the jackal.
You kill the jackal!
The goblin is struck by your spines.
You kill the goblin!
No target in view!
No target in view!
No target in view!
Okay, then.
What level of the Dungeon? (default 1, ? - help)
You see here 6 stones.
There is a staircase leading out of the dungeon here.
You have escaped!

........#........#...## #
########.#..##.####....# #
....................#..# #
.#######.####.#####.#..##### ##
.........# #............... ..
........#######.#######...## .#
#######.#.....#.......#..... ..
###.#.###.#.#.#####.#.#.
.#########...#.#h#.#.#.....#.#.#.
....(........#.#.#.#.#####.#.#.##
.#########.#.#...#.#.#...#.#.....
.....# ###.#.#####.#.#.#.#.#.#.##
)....# #.....#.......#.#.#.#.#.#
.....# #...#.#######.#.#.#.#.#.##
.....# #...#.........#.#.#.#.....
.....# #############.#.#.#.#.#.##
.....# #.......#.#.#.#.#..


There were no monsters in sight!

Vanquished Creatures
  A gnoll (D:1)
  A ball python (D:1)
  An endoplasm (D:1)
  A giant cockroach (D:1)
  A goblin (D:1)
  2 hobgoblins (D:1)
  2 jackals (D:1)
  3 bats (D:1)
  A kobold (D:1)
  2 rats (D:1)
15 creatures vanquished.

Vanquished Creatures (others)
  An endoplasm (D:1)
  A jackal (D:1)
  A rat (D:1)
3 creatures vanquished.

Grand Total: 18 creatures vanquished

Notes
Turn   | Place    | Note
-------+----------+-------------------------------------------
     0 | D:1      | Destapler the Demonspawn Shapeshifter began the quest for
                  | the Orb.
     0 | D:1      | Reached XP level 1. HP: 15/15 MP: 1/1
    94 | D:1      | Gained mutation: You are partially covered in sharp spines.
                  | [demonic ancestry]
    94 | D:1      | Reached XP level 2. HP: 9/21 MP: 2/2
   273 | D:1      | Found a faded altar of an unknown god.
   337 | D:1      | Prayed at the altar of an unknown god.
   337 | D:1      | Became a worshipper of Jiyva Jaetaica the Shapeless
   337 | D:1      | Reached * piety under Jiyva
   551 | D:$      | Got out of the dungeon alive.

Illustrated notes

Levels and vault maps discovered:
D:1:      matt_arrival_spirals, layout_basic,
          hellmonk_ecumenical_altar_leap_of_faith

Skill      XL: |  1 |
---------------+----+-----
Dodging        | 2 |  2.3
Fighting       | |  1.5
Unarmed Combat | |  2.9
Shapeshifting  | |  2.9

Action                     || total
---------------------------++-------
  Melee: Unarmed           ||    33
         Punch             ||     2
   Stab: Sleeping          ||     1
 Armour: Animal skin       ||    12
  Dodge: Dodged            ||    16
